 Dungeon Crawl Stone Soup version 0.21.1-1-g345015f (webtiles) character file.

52 kae the Insei (level 3, -9/27 HPs)
             Began as a Demonspawn Transmuter on June 12, 2018.
             Was an Initiate of Makhleb.
             Mangled by an orc
             ... wielding a +0 flail
              (11 damage)
             ... on level 3 of the Dungeon.
             The game lasted 00:01:36 (2112 turns).

kae the Insei (Demonspawn Transmuter)               Turns: 2112, Time: 00:01:37

Health: -9/27      AC:  3    Str: 10    XL:     3   Next: 60%
Magic:  5/6        EV: 12    Int: 14    God:    Makhleb [......]
Gold:   90         SH:  0    Dex: 14    Spells: 3/6 levels left

rFire    . . .     SeeInvis .     - Unarmed
rCold    . . .     Gourm    .   (no shield)
rNeg     . . .     Faith    .   b - +1 robe
rPois    .         Spirit   .   (no helmet)
rElec    .         Reflect  .   (no cloak)
rCorr    .         Harm     .   (no gloves)
MR       .....                  (no boots)
Stlth    +.........             (no amulet)
HPRegen  0.09/turn              (no ring)
MPRegen  0.10/turn              (no ring)

@: very slightly contaminated
A: powered by death 1
a: Renounce Religion


You were on level 3 of the Dungeon.
You worshipped Makhleb.
Makhleb was noncommittal.
You were not hungry.

You visited 1 branch of the dungeon, and saw 3 of its levels.

You collected 90 gold pieces.

Inventory:

Missiles
 a - 41 arrows
Armour
 b - a +1 robe (worn)
Jewellery
 f - an uncursed ring of protection from cold {unknown}
 i - an uncursed ring of positive energy {unknown}
 k - a +2 ring of strength {unknown}
 n - an uncursed ring of poison resistance {unknown}
Scrolls
 h - a scroll of teleportation
Potions
 e - a potion of berserk rage {unknown}
 j - a potion of heal wounds
 l - a potion of curing {unknown}
Books
 c - a book of Changes

   Spells                             Type                      Level
   a - Beastly Appendage              Transmutation                1
   b - Sticks to Snakes               Transmutation                2
   c - Spider Form                    Transmutation/Poison         3
   d - Ice Form                       Ice/Transmutation            4
   e - Blade Hands                    Transmutation                5
Comestibles
 d - 2 rations
 o - a chunk of flesh


   Skills:
 + Level 1.7 Fighting
 + Level 2.1 Dodging
 * Level 3.2 Unarmed Combat
 + Level 2.2 Spellcasting
 + Level 2.1 Transmutations
 + Level 0.0 Invocations


You had 3 spell levels left.
You knew the following spells:

 Your Spells              Type           Power        Failure   Level  Hunger
a - Beastly Appendage     Tmut           #.....       10%         1    #......
b - Sticks to Snakes      Tmut           #.......     14%         2    ###....


Dungeon Overview and Level Annotations

Branches:
Dungeon (3/15)

Altars:
Hepliaklqana
Makhleb
Xom


Innate Abilities, Weirdness & Mutations

You regenerate a little health from kills.


Message History

You closely miss the orc.
The orc is moderately wounded.
The orc hits you with a flail.
* * * LOW HITPOINT WARNING * * *
You hit the orc.
The orc is moderately wounded.
The orc barely misses you.
You hit the orc.
The orc is heavily wounded.
You hit the orc.
The orc is severely wounded.
The orc hits you with a flail.
* * * LOW HITPOINT WARNING * * *
You hit the orc.
The orc is almost dead.
The orc barely misses you.
You closely miss the orc.
The orc is almost dead.
The orc hits you with a flail!
You die...

....#............#......
#.###............#...o..
......(.................
..###..##.......[.>.....
#.# #..##...............
#.# #.............<.#
#.###..##...........#
.......##.#####o#####.##
..#.............@.......
#......##.#####.########
#.###..##.# #.#
..........# #.#
#.####.#### #.# ..# .#
#.# #. .# #.# #.# #.#


You could see an orc.

Vanquished Creatures
  An ooze (D:1)
  A worm (D:3)
  A dart slug (D:1)
  2 giant cockroaches
  8 goblins
  6 hobgoblins
  7 kobolds (D:1)
  2 quokkas (D:2)
  5 bats
  3 frilled lizards
  6 rats
42 creatures vanquished.

Notes
Turn   | Place    | Note
-------+----------+-------------------------------------------
     0 | D:1      | kae the Demonspawn Transmuter began the quest for the Orb.
     0 | D:1      | Reached XP level 1. HP: 15/15 MP: 3/3
   252 | D:1      | Gained mutation: You regenerate a little health from kills. [demonic ancestry]
   252 | D:1      | Reached XP level 2. HP: 17/21 MP: 3/5
   259 | D:1      | Learned a level 2 spell: Sticks to Snakes
   347 | D:1      | Reached skill level 3 in Unarmed Combat
   771 | D:1      | Reached XP level 3. HP: 10/26 MP: 6/6
  1187 | D:2      | Found a hazy altar of Hepliaklqana.
  1875 | D:2      | Found a shimmering altar of Xom.
  1876 | D:2      | Found a burning altar of Makhleb.
  1883 | D:2      | Became a worshipper of Makhleb the Destroyer
  2112 | D:3      | Mangled by an orc

Skill      XL: |  1  2 |
---------------+-------+-----
Dodging        | 2 |  2.1
Unarmed Combat | 3 |  3.2
Transmutations | 2 |  2.1
Fighting       | |  1.7
Spellcasting   | |  2.2

Action                   || total
-------------------------++-------
Melee: Unarmed           ||   147
       Kick              ||    12
       Headbutt          ||     3
       Punch             ||     2
 Cast: Beastly Appendage ||    19
       Sticks to Snakes  ||     1
  Use: Scroll            ||     7
 Stab: Sleeping          ||     3
  Eat: Chunk             ||     4
Armor: Robe              ||    28
Dodge: Dodged            ||    93
